 Dungeon Crawl Stone Soup version 0.31-a0-1009-g454b1f1e0a (webtiles) character file.

Game seed: 10035277372998173660

37 Dirtsage the Chopper (level 3, -1/43 HPs)
             Began as a Demonspawn Berserker on Nov 14, 2023.
             Was a Follower of Trog.
             Slain by Crazy Yiuf
             ... wielding a +2 quarterstaff of chaos
              (14 damage)
             ... on level 2 of the Dungeon.
             The game lasted 00:04:15 (1476 turns).

Dirtsage the Chopper (Demonspawn Berserker)         Turns: 1476, Time: 00:04:16

Health: -1/43      AC:  8    Str: 17    XL:     3   Next: 21%
Magic:  0/3        EV:  8    Int:  8    God:    Trog [*.....]
Gold:   87         SH:  0    Dex: 16    Spells: 2/2 levels left

rFire   . . .        h - +0 rapier
rCold   + . .        (no shield)
rNeg    . . .        g - +0 chain mail
rPois   .            (no helmet)
rElec   .            (no cloak)
rCorr   .            (no gloves)
SInv    .            (no boots)
Will    +....        (no amulet) Stlth
                     f - ring of willpower
HPRegen 0.27/turn    I - ring of protection from cold
MPRegen 0.08/turn

%: no passive effects
@: berserking (expiring), very quick
A: thin skeletal structure 1
a: Renounce Religion, Berserk


You were on level 2 of the Dungeon.
You worshipped Trog.
Trog was aware of your devotion.
You visited 1 branch of the dungeon, and saw 2 of its levels.

You collected 87 gold pieces.

Inventory:

Hand Weapons
 a - a +0 hand axe
 h - a +0 rapier (weapon)
Armour
 b - a +0 animal skin
 g - a +0 chain mail (worn)
Jewellery
 f - a ring of willpower (left hand)
 l - a ring of ice
 I - a ring of protection from cold (right hand)
Scrolls
 c - a scroll of acquirement {unknown}
 d - a scroll of enchant armour {unknown}
 e - a scroll of teleportation {unknown}
 i - 2 scrolls of silence {unknown}
 j - a scroll of enchant weapon {unknown}
 k - a scroll of amnesia {unknown}


   Skills:
 - Level 3.0 Fighting
 * Level 1.9 Long Blades
 - Level 3.2 Axes
 - Level 1.7 Armour
 - Level 1.7 Dodging


You had 2 spell levels left.
You didn't know any spells.
Your spell library contained the following spells:

 Spells                   Type           Power      Damage    Failure   Level
 Ensorcelled Hibernation  Hex/Ice        0%         N/A       100%        2
 Passwall                 Tmut/Erth      0%         N/A       100%        2
 Swiftness                Air            0%         N/A       100%        3


Dungeon Overview and Level Annotations

Branches:
Dungeon (2/15)

Altars:

Annotations:
D:2 Crazy Yiuf


Innate Abilities, Weirdness & Mutations

You have a somewhat thin skeletal structure. (Dex +2, Stealth+)


Message History

The bat hits you but does no damage.
You miss the bat. The bat hits you but does no damage. x2
You hit the bat but do no damage. The bat hits you but does no damage.
The bat closely misses you.
You barely miss the bat. The bat hits you but does no damage.
The bat hits you but does no damage.
You closely miss the bat. The bat closely misses you.
The bat hits you but does no damage.
You hit the bat.
You kill the bat!
Trog accepts your kill.
No target in view!
Found a runed translucent door.
Crazy Yiuf shouts!
Crazy Yiuf shouts!
Could not explore, unopened runed door.
A red film seems to cover your vision as you go berserk!
You feel yourself moving faster!
You feel mighty!
Crazy Yiuf says, "Gum King sanguine!"
You now have 43/43 hp.
The door flies open with a bang!
You feel a strong urge to attack something.
Crazy Yiuf whimpers, "Shadow broken alas!"
You closely miss Crazy Yiuf. Crazy Yiuf closely misses you.
You closely miss Crazy Yiuf.
Crazy Yiuf hits you with a +2 quarterstaff of chaos!
You feel your power leaking away.
You take 7 damage, and have 36/43 hp.
You now have 1/3 mp.
You hit Crazy Yiuf.
Crazy Yiuf is lightly wounded.
You puncture Crazy Yiuf!
Crazy Yiuf is heavily wounded.
Crazy Yiuf hits you with a +2 quarterstaff of chaos!
You feel your power leaking away.
You take 13 damage, and have 23/43 hp.
MASSIVE DAMAGE!!
You now have 0/3 mp.
You hit Crazy Yiuf but do no damage.
Crazy Yiuf is heavily wounded.
Crazy Yiuf hits you with a +2 quarterstaff of chaos!
You are electrocuted!
You die...

#..#.. #....#
####..... #....#...
#........
##########..##. ###
###.#............
#...##..#.......####..
#...g@####......# #..
#)..### ##....## ##..
### ####.####..#
#........ ###.....#
#...##.## ######.# #.#
##.#


You could see Crazy Yiuf.

Vanquished Creatures
  A worm (D:2)
  2 dart slugs (D:1)
  4 ball pythons
  5 bats
  3 endoplasms (D:1)
  2 giant cockroaches
  4 goblins
  A kobold (D:1)
  3 quokkas (D:1)
  A frilled lizard (D:1)
  A rat (D:1)
27 creatures vanquished.

Notes
Turn   | Place    | Note
-------+----------+-------------------------------------------
     0 | D:1      | Dirtsage the Demonspawn Berserker began the quest for the
                  | Orb.
     0 | D:1      | Reached XP level 1. HP: 18/18 MP: 1/1
   203 | D:1      | Gained mutation: You have a somewhat thin skeletal
                  | structure. (Dex +2, Stealth+) [demonic ancestry]
   203 | D:1      | Reached XP level 2. HP: 22/24 MP: 2/2
   574 | D:1      | Reached skill level 1 in Long Blades
   994 | D:2      | Reached XP level 3. HP: 21/29 MP: 3/3
  1085 | D:2      | Reached ** piety under Trog
  1118 | D:2      | Found a faded altar of an unknown god.
  1315 | D:2      | Found a runed translucent door.
  1316 | D:2      | Noticed Crazy Yiuf
  1476 | D:2      | Slain by Crazy Yiuf

Illustrated notes

Levels and vault maps discovered:
D:1:      psy_arrival_statuary, layout_basic, minmay_domino_2
D:2:      layout_rooms, basic_ecumenical_altar, uniq_crazy_yiuf_cottage

Skill      XL: |  1  2 |
---------------+-------+-----
Axes           | 3 |  3.2
Long Blades    | 1 |  1.9
Fighting       | |  3.0
Armour         | |  1.7
Dodging        | |  1.7

Action                     || total
---------------------------++-------
  Melee: Hand axe          ||    47
         Rapier            ||    51
         Punch             ||     3
 Invoke: Berserk           ||     2
   Stab: Sleeping          ||     2
 Armour: Animal skin       ||    16
         Chain mail        ||    72
  Dodge: Dodged            ||    52

Table legend: (Time is in decaauts)
 A = Elapsed time spent in this place.
 B = Non-inter-level travel time spent in this place.
 C = Inter-level travel time spent in this place.
 D = Time resting spent in this place.
 E = Time spent auto-exploring this place.
 F = Levels seen in this place.
 G = Mean time per level.
                   A        B        C        D        E       F      G
               +--------+--------+--------+--------+--------+-----+--------+
         Total |   1498 |   1431 |     67 |     43 |   1172 |   2 |  749.0 |
       Dungeon |   1498 |   1431 |     67 |     43 |   1172 |   2 |  749.0 |
               +--------+--------+--------+--------+--------+-----+--------+

Top non-repeatable levels by time:
     D:1: 989 daAuts
     D:2: 509 daAuts
